 Dungeon Crawl Stone Soup version 0.25.1-2-g60ff931df9 (webtiles) character file.

Game seed: 4575031460899556521

1254 Fractals the Skirmisher (level 8, -3/68 HPs)
             Began as a Red Draconian Venom Mage on Oct 27, 2020.
             Slain by Maggie
             ... wielding a +1 glaive of distortion
              (16 damage)
             ... on level 6 of the Dungeon on Oct 28, 2020.
             The game lasted 00:17:09 (7364 turns).

Fractals the Skirmisher (Red Draconian Venom Mage)  Turns: 7364, Time: 00:17:10

Health: -3/68      AC:  7    Str: 12    XL:     8   Next: 26%
Magic:  12/12      EV: 14    Int: 15    God:
Gold:   237        SH:  0    Dex: 19    Spells: 10/13 levels left

rFire    + . .     SeeInvis .   l - +3 hunting sling (vorpal)
rCold    . . .     Gourm    .   (no shield)
rNeg     . . .     Faith    .   (armour unavailable)
rPois    .         Spirit   .   (helmet restricted)
rElec    .         Reflect  .   o - +0 cloak
rCorr    .         Harm     .   (no gloves)
MR       .....                  (no boots)
Stlth    +++.......             (no amulet)
HPRegen  0.21/turn              k - +6 ring of dexterity
MPRegen  0.13/turn              (no ring)

@: flying, mesmerised
A: breathe fire, unfitting armour, fire resistance 1, cold-blooded, AC +6
a: Breathe Fire


You were on level 6 of the Dungeon.
You were not hungry.

You visited 1 branch of the dungeon, and saw 6 of its levels.

You collected 237 gold pieces.

Inventory:

Hand Weapons
 e - a +2 quarterstaff of protection
 l - a +3 vorpal hunting sling (weapon)
 q - a +2 dagger of venom
Missiles
 a - 36 arrows
 f - 6 javelins
 g - 141 stones (quivered)
 h - 11 sling bullets
 i - 10 poisoned darts
Armour
 o - a +0 cloak (worn)
 w - a +0 buckler
Jewellery
 k - a +6 ring of dexterity (left hand)
 s - a +4 ring of evasion {unknown}
 v - an uncursed ring of ice {unknown}
 y - an uncursed amulet of magic regeneration {unknown}
Wands
 j - a wand of paralysis (7)
 m - a wand of polymorph (7)
 B - a wand of digging (5)
 C - a wand of random effects (14)
 E - a wand of disintegration (12)
Scrolls
 c - 2 scrolls of magic mapping
 d - 3 scrolls of identify
 p - 3 scrolls of teleportation
Potions
 n - 2 potions of haste
 z - a potion of heal wounds {unknown}
 A - a potion of berserk rage {unknown}
Comestibles
 b - 11 rations
 t - 6 chunks of flesh


   Skills:
 - Level 5.0 Fighting
 - Level 1.0 Slings
 - Level 3.0 Dodging
 - Level 5.0 Stealth
 + Level 3.1 Shields
 - Level 3.0 Spellcasting
 - Level 3.0 Transmutations
 - Level 3.0 Air Magic
 - Level 4.0 Poison Magic


You had 10 spell levels left.
You knew the following spells:

 Your Spells              Type           Power        Failure   Level  Hunger
a - Sting                 Tmut/Pois      ##..         4%          1    #......
b - Poisonous Vapours     Pois/Air       ##....       7%          2    ##.....

Your spell library contained the following spells:

 Spells                   Type           Power        Failure   Level  Hunger
 Ignite Poison            Fire/Tmut/Pois #.......     24%         3    ###....
 Mephitic Cloud           Conj/Pois/Air  #.......     24%         3    ###....
 Olgreb's Toxic Radiance  Pois           ##......     36%         4    #####..


Dungeon Overview and Level Annotations

Branches:
Dungeon (6/15)
 Temple: D:4-7

Altars:
Ashenzari
Elyvilon
Gozag
Kikubaaqudgha
Sif Muna
Trog
Vehumet
Wu Jian

Shops:
D:5 (

Annotations:
D:6 Maggie


Innate Abilities, Weirdness & Mutations

You can breathe blasts of fire.
Your fiery red scales are hard. (AC +6)
You cannot fit into any form of body armour.
Your flesh is heat resistant. (rF+)
You are cold-blooded and may be slowed by cold attacks.


Message History

Space warps horribly around you!!
* * * LOW HITPOINT WARNING * * *
Firing (i - inventory. (/) - cycle)
g - 143 stones (quivered)
Press: ? - help, Shift-Dir - straight line, f/p - Maggie
Aim: Maggie, wielding a +1 glaive of distortion, wearing +0 steam dragon scales and carrying a wand of flame (9) (almost dead, mesmerising)
You shoot a stone.
You feel less invigorated.
You feel less confused.
Maggie zaps a wand.
The puff of flame hits you. You resist.
* * * LOW HITPOINT WARNING * * *
You cannot move away from Maggie!
Unknown command.
You cannot move away from Maggie!
Firing (i - inventory. (/) - cycle)
g - 142 stones (quivered)
Press: ? - help, Shift-Dir - straight line, f/p - Maggie
Aim: Maggie, wielding a +1 glaive of distortion, wearing +0 steam dragon scales and carrying a wand of flame (8) (almost dead, mesmerising)
You shoot a stone.
The stone hits Maggie but does no damage.
Maggie is almost dead.
Maggie hits you from afar with a +1 glaive of distortion!
You die...

####.# #.# .#
#.########(######.#
####......[.....(.(..
....####.(.....(...#
.....###....(..(...#
###..##......(.....# #
#..##.....(.(....+ #
#..##............##### #
#..##.......@.@...<...
###..##...####...(.#....
#....####### ###(......#
#.##.#.....# ###......
#.##.#.....# (###.(
#.##.#.....# .# #
#....'.....# .#
#..#.#.....##
.....##.....# #........


You could see Maggie (mesmerising).

Vanquished Creatures
  A black bear (D:6)
  An ice beast (D:6)
  A sky beast (D:5)
  2 ogres
  2 phantoms (D:4)
  A centaur (D:5)
  A scorpion (D:5)
  A howler monkey (D:4)
  2 hounds
  A bullfrog skeleton (D:4)
  2 centaur skeletons
  5 worker ants
  A worker ant zombie (D:4)
  Robin (D:1)
  6 adders
  A shadow imp (D:6)
  An ooze (D:4)
  3 dart slugs
  3 leopard geckos
  3 orcs
  A ball python (D:3)
  11 bats
  5 giant cockroaches
  14 goblins
  13 hobgoblins
  11 jackals
  A quokka (D:4)
  6 frilled lizards
  12 kobolds
  9 rats
122 creatures vanquished.

Notes
Turn   | Place    | Note
-------+----------+-------------------------------------------
     0 | D:1      | Fractals the Draconian Venom Mage began the quest for the
                  | Orb.
     0 | D:1      | Reached XP level 1. HP: 14/14 MP: 3/3
   343 | D:1      | Reached skill level 1 in Fighting
   420 | D:1      | Reached XP level 2. HP: 22/23 MP: 3/5
  1573 | D:1      | Reached XP level 3. HP: 15/29 MP: 6/6
  1940 | D:2      | Learned a level 2 spell: Poisonous Vapours
  2117 | D:1      | Reached XP level 4. HP: 26/38 MP: 5/7
  2517 | D:2      | Noticed Robin
  2650 | D:1      | Killed Robin
  2652 | D:1      | HP: 1/38 [goblin[Robin] (1)]
  2998 | D:1      | HP: 1/38 [hobgoblin[Robin] (4)]
  3820 | D:3      | Reached XP level 5. HP: 45/45 MP: 8/8
  3963 | D:3      | Found a bloodstained altar of Trog.
  4655 | D:3      | Found an ornate altar of the Wu Jian Council.
  4658 | D:3      | Found an opulent altar of Gozag.
  4671 | D:3      | Found a white marble altar of Elyvilon.
  4686 | D:3      | Found an ancient bone altar of Kikubaaqudgha.
  4964 | D:4      | Noticed a phantom
  4993 | D:4      | Killed a phantom
  4993 | D:4      | Reached skill level 1 in Slings
  4993 | D:4      | Reached skill level 1 in Air Magic
  4993 | D:4      | Reached XP level 6. HP: 44/51 MP: 10/10
  5416 | D:4      | Your scales start taking on a fiery red colour.
  5416 | D:4      | Reached XP level 7. HP: 56/57 MP: 11/11
  5416 | D:4      | Gained mutation: Your flesh is heat resistant. (rF+) [Red
                  | Draconian growth]
  5471 | D:4      | Found a shattered altar of Ashenzari.
  5473 | D:4      | Found a shimmering blue altar of Sif Muna.
  5476 | D:4      | Found a radiant altar of Vehumet.
  5743 | D:5      | Entered Level 5 of the Dungeon
  5894 | D:5      | Found Geasyhud's Weapon Boutique.
  6214 | D:5      | Reached skill level 1 in Shields
  6891 | D:6      | Reached XP level 8. HP: 37/67 MP: 12/12
  7078 | D:6      | Noticed Maggie
  7160 | D:6      | Reached skill level 5 in Fighting
  7343 | D:6      | Reached skill level 5 in Stealth
  7364 | D:6      | Slain by Maggie

Illustrated notes

Levels and vault maps discovered:
D:1:      psy_arrival_heroes, layout_basic
D:2:      layout_rooms, uniq_robin
D:3:      layout_basic, nicolae_overflow_hidden_temple,
          grunt_temple_overflow_cloverleaf, minmay_misc_feat_tiny,
          corexii_shack, minmay_misc_feat_pillars
D:4:      layout_basic, grunt_temple_overflow_open, first_ration
D:5:      layout_layer_cave, serial_shops, shop, minivault_27
D:6:      layout_basic, uniq_maggie

Skill      XL: |  1  2  3  4  5  6  7  8 |
---------------+-------------------------+-----
Stealth        | 2 3 4 5 |  5.0
Fighting       | 1 2 3 4 5 |  5.0
Dodging        | 2 3 |  3.0
Transmutations | 2 3 |  3.0
Slings         | 1 |  1.0
Spellcasting   | 3 |  3.0
Air Magic      | 1 2 3 |  3.0
Shields        | 2 3 |  3.1
Poison Magic   | 4 |  4.0

Action                   |  1- 3 |  4- 6 |  7- 9 || total
-------------------------+-------+-------+-------++-------
Melee: Dagger            |   101 |    27 |    27 ||   155
       Unarmed           |     1 |       |       ||     1
       Tailslap          |     5 |     2 |     6 ||    13
       Hunting sling     |       |       |     1 ||     1
 Fire: Hunting sling     |       |   205 |    88 ||   293
 Cast: Sting             |    21 |     4 |       ||    25
       Poisonous Vapours |     2 |       |     1 ||     3
 Abil: Breathe Fire      |       |       |     2 ||     2
  Use: Scroll            |     3 |     5 |     2 ||    10
       Potion            |     1 |     1 |     5 ||     7
 Stab: Sleeping          |     5 |       |       ||     5
  Eat: Ration            |     1 |     1 |     1 ||     3
       Chunk             |     1 |     7 |     3 ||    11
Armor: Skin              |    49 |    75 |    23 ||   147
Dodge: Dodged            |   100 |   197 |    59 ||   356
